 Dungeon Crawl Stone Soup version 0.22-a0-362-g535178c5c5 (webtiles) character file.

436 Banto the Sneak (level 7, 0/41 HPs)
             Began as an Octopode Ice Elementalist on Apr 21, 2018.
             Killed from afar by an orc wizard (10 damage)
             ... with a puff of flame
             ... on level 4 of the Dungeon.
             The game lasted 00:05:23 (3549 turns).

Banto the Sneak (Octopode Ice Elementalist)         Turns: 3549, Time: 00:05:24

Health: 0/41       AC:  1    Str:  7    XL:     7   Next: 1%
Magic:  3/10       EV: 13    Int: 20    God:
Gold:   112        SH:  0    Dex: 12    Spells: 4/10 levels left

rFire    . . .     SeeInvis .   g - +1 dagger (venom)
rCold    . . .     Gourm    .   (no shield)
rNeg     . . .     Faith    .   (helmet restricted)
rPois    .         Spirit   .   (no amulet)
rElec    .         Reflect  .   (no ring)
rCorr    .         Harm     .   (no ring)
MR       .....                  (no ring)
Stlth    ++++......             (no ring)
HPRegen  0.13/turn              (no ring)
MPRegen  0.12/turn              (no ring)
                                (no ring)
                                (no ring)

@: no status effects
A: almost no armour, stealthy swim, amphibious, 8 rings, constrict 8, camouflage
1, gelatinous body 1
a: no special abilities


You were on level 4 of the Dungeon.
You were not hungry.

You visited 1 branch of the dungeon, and saw 4 of its levels.

You collected 112 gold pieces.

Inventory:

Hand Weapons
 g - a +1 dagger of venom (weapon)
Scrolls
 d - 6 scrolls of magic mapping
Potions
 a - 2 potions of degeneration {unknown}
 c - 2 potions of haste
 e - a potion of mutation {unknown}
 f - a potion of flight {unknown}
 i - a potion of lignification
Comestibles
 b - 6 rations
 h - 2 chunks of flesh


   Skills:
 * Level 3.7 Short Blades
 - Level 2.0 Dodging
 + Level 6.3 Stealth
 - Level 2.0 Spellcasting
 - Level 1.0 Conjurations
 - Level 5.1 Ice Magic


You had 4 spell levels left.
You knew the following spells:

 Your Spells              Type           Power        Failure   Level  Hunger
a - Freeze                Ice            ###.         1%          1    #......
b - Throw Frost           Conj/Ice       ##....       7%          2    ##.....
c - Ozocubu's Armour      Chrm/Ice       ##......     17%         3    ###....


Dungeon Overview and Level Annotations

Branches:
Dungeon (4/15)
 Temple: D:4-7

Altars:
Ashenzari
Xom

Annotations:
D:3 exclusion: 2 orc priests, NihilVerum's ghost, amateur GnAr


Innate Abilities, Weirdness & Mutations

You cannot wear most types of armour.
You are very stealthy in the water. (Stealth+)
You are amphibious.
You can wear up to eight rings at the same time.
You can use your tentacles to constrict eight enemies at once.
Your skin changes colour to match your surroundings (Stealth+).
Your rubbery body absorbs attacks. (AC +1, EV +1)


Message History

* * * LOW HITPOINT WARNING * * *
You take 5 damage, and have 8/36 hp.
You now have 5/9 mp.
Casting: Freeze (safe; 1% risk of failure)
Confirm with . or Enter, or press ? or * to list all spells.
Aiming: Freeze (safe; 1% risk of failure)
Press: ? - help, Shift-Dir - straight line, f/p - orc priest
Aim: an orc priest (almost dead)
You freeze the orc priest.
You kill the orc priest!
You have reached level 7!
You now have 4/10 mp.
Casting: Freeze (safe; 1% risk of failure)
Confirm with . or Enter, or press ? or * to list all spells.
Aiming: Freeze (safe; 1% risk of failure)
Press: ? - help, Shift-Dir - straight line You freeze something.
You hear some strange, mumbled words.
A puff of flame appears from out of thin air!
The puff of flame hits you!
You die...

(.......##########..)..
#######.# ####...>. #.#
#........ #.# #.##.#...
#.#######.##.#.##
#......##.##.#...
#.####<##.##...##
####.# #.##..### #l†@.#
#.##..... #l##.#
#.##..### [.. #.#
#.##..# ##.. #.#
#.##.##..# # ... #.#
#........### ##o# #.#
####.......? #. #.#
####.#### #. #.# #.# #
..# #.####


You could see 2 frilled lizards.

Vanquished Creatures
  A bullfrog skeleton (D:2)
  3 orc priests
  2 orc wizards
  A centaur skeleton (D:4)
  2 worker ants
  4 gnolls (D:3)
  5 adders
  3 dart slugs
  3 leopard geckos
  9 orcs
  8 bats
  8 giant cockroaches
  11 goblins
  5 hobgoblins
  9 jackals
  8 kobolds
  3 quokkas
  A ball python (D:3)
  4 frilled lizards (D:1)
  7 rats
97 creatures vanquished.

Notes
Turn   | Place    | Note
-------+----------+-------------------------------------------
     0 | D:1      | Banto the Octopode Ice Elementalist began the quest for the Orb.
     0 | D:1      | Reached XP level 1. HP: 11/11 MP: 3/3
   356 | D:1      | Reached skill level 3 in Stealth
   356 | D:1      | Reached XP level 2. HP: 11/17 MP: 5/5
   545 | D:1      | Learned a level 2 spell: Throw Frost
   614 | D:1      | Found a shimmering altar of Xom.
   730 | D:1      | Reached XP level 3. HP: 11/21 MP: 3/6
  1151 | D:2      | Reached skill level 4 in Stealth
  1151 | D:2      | Reached XP level 4. HP: 13/27 MP: 7/7
  1815 | D:2      | Reached XP level 5. HP: 31/31 MP: 8/8
  1938 | D:2      | Reached skill level 5 in Ice Magic
  2164 | D:3      | Learned a level 3 spell: Ozocubu's Armour
  2226 | D:3      | Reached skill level 5 in Stealth
  2336 | D:3      | Reached skill level 1 in Short Blades
  2350 | D:3      | Noticed NihilVerum's ghost (amateur GnAr)
  2439 | D:3      | Reached XP level 6. HP: 27/36 MP: 5/9
  2681 | D:3      | Found a shattered altar of Ashenzari.
  3274 | D:4      | Reached skill level 6 in Stealth
  3548 | D:4      | Reached XP level 7. HP: 9/41 MP: 4/10
  3549 | D:4      | Killed from afar by an orc wizard

Vault maps used:
D:1:      elethiomel_arrival_infinity_welcomes_careful_drivers, serial_glass,
          glass_columns_a, glass_columns_a, glass_columns_a, glass_columns_b,
          xom_teletrap_fun
D:3:      lemuel_doored_altar, chequers_ecumenical_altar_twisty, first_ration,
          minmay_cut_off

Skill      XL: |  1  2  3  4  5  6 |
---------------+-------------------+-----
Stealth        | 3 4 5 6 |  6.3
Ice Magic      | 4 5 |  5.1
Short Blades   | 2 3 |  3.7
Dodging        | |  2.0
Spellcasting   | |  2.0
Conjurations   | |  1.0

Action                   |  1- 3 |  4- 6 |  7- 9 || total
-------------------------+-------+-------+-------++-------
Melee: Constrict         |    13 |    36 |       ||    49
       Unarmed           |     4 |       |       ||     4
       Dagger            |    38 |   128 |       ||   166
       Tentacles         |     8 |    18 |       ||    26
 Cast: Freeze            |    16 |    32 |     2 ||    50
       Throw Frost       |       |     2 |       ||     2
  Use: Scroll            |     1 |     7 |       ||     8
       Potion            |       |     1 |       ||     1
 Stab: Sleeping          |     6 |    17 |       ||    23
  Eat: Chunk             |     1 |     8 |       ||     9
Armor: Skin              |     4 |     9 |       ||    13
Dodge: Dodged            |    34 |    70 |       ||   104

Table legend:
 A = Spawn XP
 B = Non-spawn XP
 C = Spawn XP percentage of total XP
 D = Spawn monster count
 E = Non-spawn monster count
 F = Spawn count percentage of total count
 G = Total turns spent on level
                    A         B        C        D         E        F      G
               +---------+---------+-------+---------+---------+-------+---------
         Total |       0 |     623 |   0.0 |       0 |      97 |   0.0 |  3549
               +---------+---------+-------+---------+---------+-------+---------
           D:1 |       0 |      49 |   0.0 |       0 |      29 |   0.0 |  1137
           D:2 |       0 |     166 |   0.0 |       0 |      31 |   0.0 |  1028
           D:3 |       0 |     234 |   0.0 |       0 |      28 |   0.0 |  1000
           D:4 |       0 |     174 |   0.0 |       0 |       9 |   0.0 |   384
               +---------+---------+-------+---------+---------+-------+---------

Table legend:
 A = Turns spent in this place as a percentage of turns spent in the entire game.
 B = Non-inter-level travel turns spent in this place as a percentage of non-inter-level travel turns spent in the entire game.
 C = Inter-level travel turns spent in this place as a percentage of turns spent in this place.
 D = Turns resting spent in this place as a percentage of non-inter-level travel turns spent in this place.
 E = Turns spent auto-exploring this place as a percentage of non-inter-level travel turns spent in this place.
 F = Non-inter-level travel turns spent in this place divided by the number of levels of this place that you've seen.
                   A       B       C       D       E      F
               +-------+-------+-------+-------+-------+----------------------
         Total | 100.0 | 100.0 |   2.4 |  40.2 |  36.1 | 866.0
       Dungeon | 100.0 | 100.0 |   2.4 |  40.2 |  36.1 | 866.0
               +-------+-------+-------+-------+-------+----------------------

Table legend:
 A = Kills in this place as a percentage of kills in entire the game.
 B = Kills by you in this place as a percentage of kills by you in the entire game.
 C = Kills by friends in this place as a percentage of kills by friends in the entire game.
 D = Other kills in this place as a percentage of other kills in the entire game.
 E = Experience gained in this place as a percentage of experience gained in the entire game.
 F = Experience gained in this place divided by the number of levels of this place that you have seen.
                   A       B       C       D       E      F
               +-------+-------+-------+-------+-------+----------------------
         Total | 100.0 | 100.0 |   N/A |   N/A | 100.0 | 155.8
       Dungeon | 100.0 | 100.0 |   N/A |   N/A | 100.0 | 155.8
               +-------+-------+-------+-------+-------+----------------------
